 Dungeon Crawl Stone Soup version 0.10.4 character file.

767 MisterOstroum the Chucker (level 7, -1/57 HPs)
             Began as a Centaur Monk on Oct 1, 2019.
             Slain by a white imp (3 damage)
             ... summoned by Eustachio
             ... on Level 4 of the Dungeon.
             The game lasted 00:48:56 (5472 turns).

MisterOstroum the Chucker (Centaur Monk)            Turns: 5472, Time: 00:48:56

HP  -1/57        AC  7     Str 15      XL: 7   Next: 18%
MP   4/4         EV  4     Int  9      God:
Gold 169         SH  8     Dex 10 (12) Spells:  0 memorised,  6 levels left

Res.Fire  : . . .   See Invis. : .   a - +0 sling
Res.Cold  : . . .   Warding    : . . v - +0 chain mail
Life Prot.: . . .   Conserve   : .   u - +0 buckler
Res.Acid. : . . .   Res.Corr.  : .   (no helmet)
Res.Poison: .       Clarity    : .   (no cloak)
Res.Elec. : .       Spirit.Shd : .   l - +0 pair of bracers {archer}
Sust.Abil.: . .     Stasis     : .   (no barding)
Res.Mut.  : .       Ctrl.Telep.: .   (no amulet)
Res.Rott. : .       Levitation : .   (no ring)
Saprovore : . . .   Ctrl.Flight: .   (no ring)

@: mildly poisoned, very quick, slightly resistant to hostile enchantments,
extremely unstealthy
A: hooves 3, deformed body, herbivore 1, speed 2, fast metabolism 1, tough skin
3
a: no special abilities


You were on level 4 of the Dungeon.
You were hungry.

You visited 1 branch of the dungeon, and saw 5 of its levels.

You collected 169 gold pieces.

Inventory:

Hand weapons
 a - a +0,+0 sling (weapon)
 p - a +0,+0 orcish spear
 A - a +1,+0 dagger of venom
 C - a +1,+3 orcish dagger
 F - a +0,+0 dagger
 H - a +2,+0 elven dagger
 I - a +0,+0 dagger
 J - a +0,+0 spear
 K - a -1,+0 orcish dagger
 M - a +0,+0 spear
 N - a -1,+1 orcish dagger
 O - a +0,+0 spear
 P - a +1,+3 orcish dagger
 Q - a +0,+0 dagger
 S - a +1,+0 vampiric dagger
Missiles
 y - 6 +0 arrows of frost
 G - 25 poisoned +0 needles
 L - 39 +1 arrows
 R - 2 +0 stones (quivered)
 U - 7 +0 javelins
 V - 36 +0 arrows
 X - 19 +3 darts
 Y - 27 +0 darts
Armour
 l - a +0 pair of bracers of archery (worn)
 u - a +0 buckler (worn)
 v - a +0 chain mail (worn)
Comestibles
 b - 4 bread rations
 i - a pear
 j - an apricot
Scrolls
 e - a scroll of curse jewellery {unknown}
 g - 4 scrolls of teleportation {@r3 !r}
 h - a scroll of blinking {unknown}
 k - a scroll of magic mapping {@r5 !r}
 m - a scroll of amnesia {unknown}
 q - 2 scrolls of fear {unknown}
 r - a scroll of curse armour {unknown}
 w - a scroll of enchant weapon I {unknown}
 x - a scroll of fog {unknown}
 B - a scroll of enchant armour {unknown}
 T - 2 scrolls of detect curse
Potions
 c - 3 potions of paralysis
 f - a potion of mutation {unknown}
 o - a potion of levitation {unknown}
 s - a potion of porridge {unknown}
 t - a potion of might {unknown}
 D - a potion of magic {unknown}
 E - a potion of curing {unknown}
 W - a potion of heal wounds {@q2 !q}


   Skills:
 + Level 4.4 Fighting
 + Level 2.1 Slings
 - Level 5.3 Throwing
 - Level 2.1 Dodging
 - Level 1.2 Stealth
 * Level 2.6 Shields
 - Level 2.0 Traps & Doors
 + Level 4.4 Unarmed Combat


You had 6 spell levels left.
You didn't know any spells.

Dungeon Overview and Level Annotations

Branches:
Dungeon (5/27)
 Temple: D:4-7

Altars:
Nemelex Xobeh
Xom
Zin

Shops:
D:4: (

Annotations
D:4 Sigmund


Innate Abilities, Weirdness & Mutations

You have hooves in place of feet.
Armour fits poorly on your strangely shaped body.
You digest meat inefficiently.
You cover ground very quickly.
You have a fast metabolism.
You have extremely tough skin (AC +3).


Message History

You shoot a stone. The stone hits Eustachio.
Eustachio is almost dead.
Eustachio hits you but does no damage.
You are poisoned.
You block the quokka's attack.
Firing (i - inventory. (,) - cycle):
R - 12 stones (quivered)
Press: ? - help, Shift-Dir - straight line, f/p - Eustachio
Aim: Eustachio, wielding a falchion of venom and wearing a leather armour (almost dead)
You shoot a stone. The stone hits Eustachio.
Eustachio is almost dead.
You block the quokka's attack.
Firing (i - inventory. (,) - cycle):
R - 11 stones (quivered)
Press: ? - help, Shift-Dir - straight line, f/p - Eustachio
Aim: Eustachio, wielding a falchion of venom and wearing a leather armour (almost dead)
You shoot a stone. The stone misses Eustachio.
You feel sick.
Eustachio hits you with a falchion of venom.
You are more poisoned.
You feel sick.
You feel sick.
Eustachio utters an oath, "I will die for my friends!"
You feel sick.
You feel a little better.
There is an open door here.
Firing (i - inventory. (,) - cycle):
R - 10 stones (quivered)
Press: ? - help, Shift-Dir - straight line, f/p - Eustachio
Aim: Eustachio, wielding a falchion of venom and wearing a leather armour (almost dead)
You shoot a stone. The stone hits Eustachio.
Eustachio is almost dead.
You feel sick.
Firing (i - inventory. (,) - cycle):
R - 9 stones (quivered)
Press: ? - help, Shift-Dir - straight line, f/p - Eustachio
Aim: Eustachio, wielding a falchion of venom and wearing a leather armour (almost dead)
You shoot a stone. The stone misses Eustachio.
You feel sick.
You feel a little better.
Eustachio mumbles some strange words.
You feel sick.
The white imp shouts, "Return whence thou came, thou fawning toad-spotted joithead!"
Firing (i - inventory. (,) - cycle):
R - 8 stones (quivered)
Press: ? - help, Shift-Dir - straight line, f/p - Eustachio
Aim: Eustachio, wielding a falchion of venom and wearing a leather armour (almost dead)
You shoot a stone. The stone hits Eustachio.
Eustachio is almost dead.
You feel sick.
Eustachio asks, "How can you live without manners, virtues and honour?"
You feel sick.
There is an escape hatch in the ceiling here.
Firing (i - inventory. (,) - cycle):
R - 7 stones (quivered)
Press: ? - help, Shift-Dir - straight line, f/p - Eustachio
Aim: Eustachio, wielding a falchion of venom and wearing a leather armour (almost dead)
You shoot a stone. The stone misses Eustachio.
You feel sick. Eustachio completely misses you. The white imp gestures at you.
The puff of frost hits you! A mysterious force pulls you upwards.
The hatch slams shut behind you.
Level annotation: Sigmund Firing (i - inventory. (,) - cycle):
R - 6 stones (quivered)
Press: ? - help, Shift-Dir - straight line, f - Eustachio
Aim: Eustachio, wielding a falchion of venom and wearing a leather armour (almost dead)
You shoot a stone. The stone misses Eustachio.
You feel sick. The white imp gestures at you. The puff of frost hits you!
Eustachio gestures wildly while chanting.
Eustachio blinks!
Firing (i - inventory. (,) - cycle):
R - 5 stones (quivered)
Press: ? - help, Shift-Dir - straight line, f/p - Eustachio
Aim: Eustachio, wielding a falchion of venom and wearing a leather armour (almost dead)
You shoot a stone. The stone hits Eustachio.
You kill Eustachio!
Your Slings skill increases to level 2!
You have reached level 7!
The white imp gestures at you. The puff of frost hits you!
* * * LOW HITPOINT WARNING * * *
A goblin comes into view.
* * * LOW HITPOINT WARNING * * *
You feel sick.
The goblin shouts!
The white imp hits you.
* * * LOW HITPOINT WARNING * * *
The white imp freezes you.
* * * LOW HITPOINT WARNING * * *
You see here a stone.
Firing (i - inventory. (,) - cycle):
R - 4 stones (quivered)
Press: ? - help, Shift-Dir - straight line, f - white imp
Aim: a white imp (summoned)
You shoot a stone. The stone hits the white imp.
* * * LOW HITPOINT WARNING * * *
You feel sick.
The white imp hits you but does no damage.
Firing (i - inventory. (,) - cycle):
R - 3 stones (quivered)
Press: ? - help, Shift-Dir - straight line, f/p - white imp
Aim: a white imp (summoned)
You shoot a stone. The stone misses the white imp.
* * * LOW HITPOINT WARNING * * *
You feel sick.
You feel a little better. The white imp hits you.
* * * LOW HITPOINT WARNING * * *
The white imp freezes you.
Your yellow potion freezes and shatters!
You die...

.....##.###
#)...
......#.#
#)...
........#
#....
......###
### #..).
......# #.(
##....
......# #.#
#.....
....#.# #g#
##.###
#####.# #.#
... #
....#.#
#@####.#
#### #
#.#.#.#
#.5....# #
#.#.#.#
######## #
#.#.#.#
#.###.#
#.....#
#######


You could see a white imp and a goblin.

Vanquished Creatures
  Eustachio (D:4)
  2 hounds
  A crimson imp (D:5)
  2 orc priests (D:5)
  An iguana (D:4)
  2 worker ants (D:5)
  A hound skeleton (D:4)
  Ijyb (D:2)
  3 gnolls (D:2)
  A midge (D:5)
  4 adders
  A giant mite (D:5)
  3 worms
  A bat zombie (D:5)
  6 giant geckos
  2 oozes (D:5)
  3 orcs
  5 giant cockroaches
  12 hobgoblins
  A ball python (D:1)
  14 bats
  5 giant newts
  12 goblins
  4 jackals
  11 kobolds
  2 quokkas (D:5)
  7 rats
  2 toadstools
110 creatures vanquished.

Vanquished Creatures (others)
  8 toadstools
8 creatures vanquished.

Grand Total: 118 creatures vanquished

Notes
Turn   | Place    | Note
--------------------------------------------------------------
     0 | D:1      | MisterOstroum, the Centaur Monk, began the quest for the Orb.
     0 | D:1      | Reached XP level 1. HP: 17/17 MP: 0/0
   232 | D:1      | Reached XP level 2. HP: 24/24 MP: 1/1
  1200 | D:2      | Reached XP level 3. HP: 30/30 MP: 2/2
  1494 | D:2      | Noticed Ijyb
  1527 | D:2      | Killed Ijyb
  1527 | D:2      | Reached XP level 4. HP: 25/37 MP: 2/2
  1948 | D:2      | Found a shimmering altar of Xom.
  2793 | D:3      | Reached XP level 5. HP: 38/44 MP: 3/3
  3597 | D:4      | Found Afamiala's Weapon Shop.
  4150 | D:4      | Noticed Sigmund
  4219 | D:5      | Entered Level 5 of the Dungeon
  4235 | D:5      | Reached XP level 6. HP: 45/50 MP: 4/4
  4240 | D:5      | Found a sparkling altar of Nemelex Xobeh.
  4328 | D:5      | Reached skill level 5 in Throwing
  4395 | D:5      | Found a glowing silver altar of Zin.
  5181 | D:5      | Noticed Eustachio
  5469 | D:4      | Killed Eustachio
  5469 | D:4      | Reached XP level 7. HP: 24/57 MP: 4/4
  5472 | D:4      | HP: 2/57 [white imp[Eustachio] (3)]
  5472 | D:4      | Slain by a white imp
